 Dungeon Crawl Stone Soup version 0.27-a0-1191-g601b473118 (webtiles) character file.

Game seed: 14997766131091172161

55 siradein the Slasher (level 3, -4/31 HPs)
             Began as a Minotaur Fighter on May 24, 2021.
             Slain by a gnoll
             ... wielding a +0 spear
              (6 damage)
             ... on level 2 of the Dungeon.
             The game lasted 00:02:40 (1347 turns).

siradein the Slasher (Minotaur Fighter)             Turns: 1347, Time: 00:02:40

Health: -4/31      AC:  6    Str: 21    XL:     3   Next: 67%
Magic:  2/2        EV:  7    Int:  5    God:
Gold:   50         SH:  9    Dex:  9    Spells: 2/2 levels left

rFire    . . .     SeeInvis .   a - +0 long sword
rCold    . . .     Faith    .   c - +0 kite shield
rNeg     . . .     Spirit   .   b - +0 scale mail
rPois    .         Reflect  .   (helmet restricted)
rElec    .         Harm     .   (no cloak)
rCorr    .         Rampage  .   (no gloves)
Will     .....                  (no boots)
Stlth    ..........             (no amulet)
HPRegen  0.10/turn              (no ring)
MPRegen  0.08/turn              (no ring)

@: no status effects
A: horns 2, retaliatory headbutt
a: no special abilities


You were on level 2 of the Dungeon.
You visited 1 branch of the dungeon, and saw 2 of its levels.

You collected 50 gold pieces.

Inventory:

Hand Weapons
 a - a +0 long sword (weapon)
Missiles
 j - 27 stones (quivered)
 k - 8 silver boomerangs
Armour
 b - a +0 scale mail (worn)
 c - a +0 kite shield (worn)
Jewellery
 g - a ring of wizardry
 i - a ring of fire
Scrolls
 f - a scroll of teleportation {unknown}
 h - a scroll of blinking {unknown}
Potions
 d - a potion of might
 e - a potion of flight {unknown}


   Skills:
 - Level 3.6 Fighting
 + Level 5.0 Long Blades
 - Level 3.6 Armour
 - Level 3.6 Shields


You had 2 spell levels left.
You didn't know any spells.
Your spell library contained the following spells:

 Spells                   Type           Power      Damage    Failure   Level
 Magic Dart               Conj           0%         1d3       99%         1
 Blink                    Tloc           N/A        N/A       100%        2
 Call Imp                 Summ           0%         N/A       100%        2
 Slow                     Hex            0%         N/A       100%        2
 Conjure Flame            Conj/Fire      0%         6-21      100%        3
 Mephitic Cloud           Conj/Pois/Air  0%         N/A       100%        3


Dungeon Overview and Level Annotations

Branches:
Dungeon (2/15)

Altars:


Innate Abilities, Weirdness & Mutations

You have a pair of horns on your head.
You reflexively headbutt those who attack you in melee.


Message History

Found a stone staircase leading down.
Found 8 silver boomerangs. 2 gnolls come into view.
The gnoll shouts!
You hear a shout!
You block the gnoll's attack.
You hear a shout!
Found a green potion.
Found a ring mail.
You see here 8 silver boomerangs.
You block the gnoll's attack.
You slash the gnoll!
The gnoll is heavily wounded.
You block the gnoll's attack.
You barely miss the gnoll. You headbutt the gnoll.
You kill the gnoll!
Your Long Blades skill increases to level 5!
No target in view!
You see here 8 silver boomerangs.
k - 8 silver boomerangs You see here a +0 spear.
A gnoll is nearby!
You block the gnoll's attack.
You closely miss the gnoll. Your headbutt misses the gnoll.
The gnoll hits you with a +0 spear! The gnoll barely misses you.
You hit the gnoll but do no damage. The gnoll hits you with a +0 spear.
You barely miss the gnoll. You block the gnoll's attack.
The gnoll hits you with a +0 spear.
You slash the gnoll!
The gnoll is severely wounded.
The gnoll hits you but does no damage.
A gnoll comes into view. It is wielding a +0 halberd.
You hit the gnoll but do no damage.
The gnoll is severely wounded.
The gnoll hits you from afar with a +0 halberd!
* * * LOW HITPOINT WARNING * * *
You block the gnoll's attack. The gnoll hits you with a +0 spear!
* * * LOW HITPOINT WARNING * * *
You block the gnoll's attack.
The gnoll hits you from afar with a +0 spear.
You die...

.####.#... ..# .
.####.#..####.####.
..........>.... ...
.####.##...##.# #.# .#
#.##...##.# #.## .#
#.##...##.# #.g .#
#.##...##)# #g#
†####.##...##.###.######
†##.............@.......#
<##.#.##.#.######.#######
..†...##.#.#### #.#
...#####......# #.#
..............# #!#
...#####......# #.# ...#
#......# #.# ..##
#......# .# ..# #......#


You could see 2 gnolls.

Vanquished Creatures
  A gnoll (D:2)
  An adder (D:2)
  A dart slug (D:1)
  3 ball pythons
  3 endoplasms (D:1)
  3 giant cockroaches
  3 goblins
  3 hobgoblins (D:1)
  4 jackals (D:2)
  A quokka (D:1)
  3 bats (D:1)
  4 frilled lizards (D:1)
  2 kobolds
  A rat (D:1)
33 creatures vanquished.

Notes
Turn   | Place    | Note
-------+----------+-------------------------------------------
     0 | D:1      | siradein the Minotaur Fighter began the quest for the Orb.
     0 | D:1      | Reached XP level 1. HP: 19/19 MP: 0/0
   242 | D:1      | Reached skill level 3 in Long Blades
   352 | D:1      | Reached XP level 2. HP: 14/26 MP: 1/1
   918 | D:1      | Reached skill level 4 in Long Blades
  1121 | D:2      | Reached XP level 3. HP: 26/31 MP: 2/2
  1232 | D:2      | Found a faded altar of an unknown god.
  1333 | D:2      | Reached skill level 5 in Long Blades
  1347 | D:2      | Slain by a gnoll

Illustrated notes

Levels and vault maps discovered:
D:1:      dpeg_arrival_leaves_temple_mockup, layout_basic
D:2:      layout_basic, basic_ecumenical_altar

Skill      XL: |  1  2  3 |
---------------+----------+-----
Long Blades    | 3 4 5 |  5.0
Fighting       | |  3.6
Armour         | |  3.6
Shields        | |  3.6

Action                   || total
-------------------------++-------
Melee: Long sword        ||    80
       Headbutt          ||    13
Armor: Scale mail        ||    44
Dodge: Dodged            ||    29
Block: Kite shield       ||    64
       Rpst.: Long sword ||     3

Table legend: (Time is in decaauts)
 A = Elapsed time spent in this place.
 B = Non-inter-level travel time spent in this place.
 C = Inter-level travel time spent in this place.
 D = Time resting spent in this place.
 E = Time spent auto-exploring this place.
 F = Levels seen in this place.
 G = Mean time per level.
                   A        B        C        D        E       F      G
               +--------+--------+--------+--------+--------+-----+--------+
         Total |   1381 |   1378 |      3 |      0 |   1166 |   2 |  690.5 |
       Dungeon |   1381 |   1378 |      3 |      0 |   1166 |   2 |  690.5 |
               +--------+--------+--------+--------+--------+-----+--------+

Top non-repeatable levels by time:
     D:1: 1129 daAuts
     D:2: 251 daAuts
